 Dungeon Crawl Stone Soup version 0.28.0-53-g5a82cb258f (webtiles) character file.

Game seed: 7228431736839558190

103 gobodom the Ducker (level 4, -3/34 HPs)
             Began as a Demonspawn Gladiator on June 8, 2022.
             Slain by a goblin
             ... wielding a +0 club
             ... led by Robin
              (5 damage)
             ... on level 3 of the Dungeon.
             The game lasted 00:15:30 (3365 turns).

gobodom the Ducker (Demonspawn Gladiator)           Turns: 3365, Time: 00:15:30

Health: -3/34      AC:  4    Str: 14    XL:     4   Next: 51%
Magic:  4/4        EV: 13    Int: 12    God:
Gold:   112        SH:  0    Dex: 20    Spells: 3/3 levels left

rFire   . . .      SeeInvis .   g - +3 short sword
rCold   . . .      Faith    .   (no shield)
rNeg    . . .      Spirit   .   b - +0 leather armour
rPois   .          Reflect  .   (helmet restricted)
rElec   .          Harm     .   (no cloak)
rCorr   .          Rampage  .   (no gloves)
Will    .....                   q - +0 pair of boots
Stlth   ++........              (no amulet)
HPRegen 0.11/turn               i - +6 ring of dexterity
MPRegen 0.09/turn               (no ring)

@: no status effects
A: horns 1, powered by death 1
a: no special abilities


You were on level 3 of the Dungeon.
You visited 1 branch of the dungeon, and saw 4 of its levels.

You collected 112 gold pieces.

Inventory:

Hand Weapons
 g - a +3 short sword (weapon)
 o - a +0 short sword of flaming
Missiles
 e - a poisoned dart (quivered)
 f - a throwing net
 h - an atropa-tipped dart
 l - 4 silver javelins
Armour
 b - a +0 leather armour (worn)
 q - a +0 pair of boots (worn)
Jewellery
 i - a +6 ring of dexterity (left hand)
Scrolls
 a - a scroll of identify
 c - 2 scrolls of fog {unknown}
 p - a scroll of fear
Potions
 m - a potion of heal wounds
 n - a potion of curing


   Skills:
 + Level 2.3 Fighting
 + Level 0.6 Short Blades
 + Level 3.3 Axes
 + Level 2.1 Throwing
 + Level 1.5 Armour
 + Level 3.3 Dodging
 + Level 0.3 Stealth


You had 3 spell levels left.
You didn't know any spells.
Your spell library was empty.

Dungeon Overview and Level Annotations

Branches:
Dungeon (4/15)
 Temple: D:4-7

Altars:

Annotations:
D:3 Robin


Innate Abilities, Weirdness & Mutations

You have a pair of small horns on your head.
You regenerate a little health from kills.


Message History

Robin throws the goblin at you! The goblin hits you but does no damage.
The goblin hits you with a +0 dagger. The goblin hits you but does no damage.
The goblin closely misses you.
You hit the goblin but do no damage. The goblin hits you but does no damage.
The goblin closely misses you.
The jackal barks!
You hit the goblin.
You kill the goblin!
The goblin barely misses you.
Robin roars a battlecry!
The goblins go into a battle-frenzy!
The goblin barely misses you.
The jackal pauses to sniff the ground.
The goblin misses you.
The goblin unwields a +0 hunting sling.
The goblin wields a +0 dagger.
The goblin misses you.
You closely miss the goblin. The goblin barely misses you.
The goblin hits you but does no damage. The goblin barely misses you.
The goblin closely misses you.
You closely miss the goblin.
You headbutt the goblin, but do no damage.
The goblin misses you. x2; The goblin completely misses you.
You puncture the goblin!
You kill the goblin!
The jackal misses you. The goblin hits you with a +0 dagger.
Robin throws the goblin at you!
The jackal bites you but does no damage.
The goblin hits you with a +0 dagger. The goblin hits you but does no damage.
The goblin closely misses you. The goblin hits you with a +0 club.
The goblin barely misses you. The goblin hits you with a +0 dagger.
The jackal barely misses you. The goblin hits you with a +0 club.
* * * LOW HITPOINT WARNING * * *
Robin throws the goblin at you!
* * * LOW HITPOINT WARNING * * *
The goblin hits you with a +0 club.
* * * LOW HITPOINT WARNING * * *
The jackal misses you.
Robin says, "Feeling lonely?"
The goblin hits you with a +0 club.
You die...

###########*********
#...'..gg..,*,,,*≈≈*
#...'..gh.g,+,,,*≈≈*
#...#....g,,*****≈≈*
#...##########,,,≈≈*
#...)........#,,,≈≈*
#.....ggh@...#,,,≈≈*
##'##)).gg##'##..≈≈*
#...#..g..#,,,#..≈≈#######
#...#.....#.,,#..≈≈.......
#.).#.....#..,#..≈≈.......
##'##.....##'##..≈≈.......
#...#.....#......≈≈.######
#...#.....#.....≈≈≈.#
#≈≈≈#.....#≈≈≈≈≈≈≈..######


You could see Robin, a jackal and 4 goblins.

Vanquished Creatures
  An adder (D:3)
  4 worms
  2 dart slugs
  12 orcs (D:3)
  An endoplasm (D:3)
  3 giant cockroaches
  3 hobgoblins
  2 jackals (D:3)
  2 quokkas
  7 ball pythons
  6 bats
  A frilled lizard (D:3)
  13 goblins
  4 kobolds
  4 rats
65 creatures vanquished.

Notes
Turn   | Place    | Note
-------+----------+-------------------------------------------
     0 | D:1      | gobodom the Demonspawn Gladiator began the quest for the
                  | Orb.
     0 | D:1      | Reached XP level 1. HP: 16/16 MP: 1/1
    45 | D:1      | Noticed an eye of devastation
    47 | D:1      | Found a faded altar of an unknown god.
    48 | D:1      | Noticed a golden eye
    48 | D:1      | Noticed a floating eye
    48 | D:1      | Noticed a shining eye
   336 | D:1      | Gained mutation: You regenerate a little health from kills.
                  | [demonic ancestry]
   336 | D:1      | Reached XP level 2. HP: 22/22 MP: 2/2
   946 | D:2      | Reached XP level 3. HP: 27/27 MP: 3/3
  2183 | D:3      | Reached skill level 1 in Armour
  2801 | D:3      | Gained mutation: You have a pair of small horns on your
                  | head. [demonic ancestry]
  2801 | D:3      | Reached XP level 4. HP: 22/33 MP: 4/4
  3344 | D:3      | Noticed Robin
  3365 | D:3      | Slain by a goblin

Illustrated notes

Levels and vault maps discovered:
D:1:      saegor_arrival_simple_a, layout_rooms,
          hellmonk_ecumenical_altar_watching_god
D:2:      layout_rooms
D:3:      kennysheep_goblin_castle, layout_basic
D:4:      cheibrodos_old_hovel, layout_basic, general_overflow_altar,
          serial_shops, shop

Skill      XL: |  1  2  3  4 |
---------------+-------------+-----
Dodging        | 3 |  3.3
Axes           | 3 |  3.3
Armour         | 1 |  1.5
Throwing       | 2 |  2.1
Fighting       | |  2.3
Short Blades   | |  0.6
Stealth        | |  0.3

Action                   |  1- 3 |  4- 6 || total
-------------------------+-------+-------++-------
Melee: War axe           |    51 |       ||    51
       Punch             |     2 |       ||     2
       Short sword       |    68 |    24 ||    92
       Headbutt          |       |     5 ||     5
Throw: Boomerang         |     5 |    20 ||    25
       Dart              |     3 |     3 ||     6
       Throwing net      |     3 |       ||     3
  Use: Scroll            |     2 |     3 ||     5
       Potion            |     2 |     2 ||     4
Armor: Leather armour    |    34 |    18 ||    52
       Skin              |     1 |       ||     1
Dodge: Dodged            |   109 |    35 ||   144
